| TOP OF THE 1ST |
|
Cincinnati Reds batting - Pitching for Montreal Expos : LHP Frank Riccelli
|
|
Pitching: LHP Frank Riccelli
|
|
|
Batting: RHB Jim Anderson
|
0-0: Ball 1-0: Ball 2-0: Foul Ball, location: 2F 2-1: Ball 3-1: Base on Balls
|
|
Batting: RHB Marco Mosquera
|
0-0: Ball 1-0: Swinging Strike 1-1: Ball 2-1: Fly out, F8 (Flyball, 78M, EV 91.3 MPH)
|
|
Batting: RHB Gary Matthews
|
0-0: SINGLE (Groundball, 56D, EV 99.4 MPH) Jim Anderson to second
|
|
Batting: LHB Mike Easler
|
0-0: Ball 1-0: Ball 2-0: Called Strike 2-1: Called Strike 2-2: Fly out, F8 (Flyball, 8LXD, EV 101.3 MPH)
|
|
Batting: RHB Nick Deurloo
|
0-0: Ball 1-0: Ball 2-0: Ball Wild Pitch! Jim Anderson to third Gary Matthews to second 3-0: Base on Balls
|
|
Batting: LHB Darrell Evans
|
0-0: Ball 1-0: Ground out 3-1 (Groundball, 34, EV 86.3 MPH)
|
| Top of the 1st over - 0 runs, 1 hit, 0 errors, 3 left on base; Cincinnati 0 - Montreal 0 |
| BOTTOM OF THE 1ST |
|
Montreal Expos batting - Pitching for Cincinnati Reds : RHP Tony Guzman
|
|
Pitching: RHP Tony Guzman
|
|
|
Batting: LHB Duane Walker
|
0-0: Ball 1-0: Called Strike 1-1: Ball 2-1: Ball 3-1: Fly out, F7 (Flyball, 7S, EV 83.1 MPH)
|
|
Batting: SHB Garry Templeton
|
0-0: Called Strike 0-1: Foul Ball, location: 2F 0-2: Ball 1-2: Strikes out looking
|
|
Batting: LHB Kirk Gibson
|
0-0: Ball 1-0: Ball 2-0: Ball 3-0: Called Strike 3-1: Swinging Strike 3-2: Strikes out swinging
|
| Bottom of the 1st over - 0 runs, 0 hits, 0 errors, 0 left on base; Cincinnati 0 - Montreal 0 |
| TOP OF THE 2ND |
|
Cincinnati Reds batting - Pitching for Montreal Expos : LHP Frank Riccelli
|
|
Batting: RHB John Malkin
|
0-0: Foul Ball, location: 2F 0-1: Fly out, F9 (Flyball, 89S, EV 96.9 MPH)
|
|
Batting: RHB Jesus Alfaro
|
0-0: Called Strike 0-1: Foul Ball, location: 2F 0-2: Foul Ball, location: 2F 0-2: Strikes out swinging
|
|
Batting: RHB Tony Guzman
|
0-0: Foul Ball, location: 2F 0-1: Foul Ball, location: 2F 0-2: Ball 1-2: Foul Ball, location: 2F 1-2: Ball 2-2: Ball 3-2: Strikes out swinging
|
| Top of the 2nd over - 0 runs, 0 hits, 0 errors, 0 left on base; Cincinnati 0 - Montreal 0 |
| BOTTOM OF THE 2ND |
|
Montreal Expos batting - Pitching for Cincinnati Reds : RHP Tony Guzman
|
|
Batting: RHB Dale Murphy
|
0-0: Called Strike 0-1: Ground out 4-3 (Groundball, 34D, EV 105.6 MPH)
|
|
Batting: RHB Dave Winfield
|
0-0: Fly out, F4 (Flyball, 34D, EV 90.6 MPH)
|
|
Batting: LHB Timnothy Meyer
|
0-0: Ball 1-0: Ball 2-0: Ball 3-0: Fly out, F8 (Flyball, 8RS, EV 97.5 MPH)
|
| Bottom of the 2nd over - 0 runs, 0 hits, 0 errors, 0 left on base; Cincinnati 0 - Montreal 0 |
| TOP OF THE 3RD |
|
Cincinnati Reds batting - Pitching for Montreal Expos : LHP Frank Riccelli
|
|
Batting: RHB Jim Anderson
|
0-0: Swinging Strike 0-1: Ball 1-1: Swinging Strike 1-2: Ball 2-2: Strikes out swinging
|
|
Batting: RHB Marco Mosquera
|
0-0: Ball 1-0: Fly out, F7 (Flyball, 7LS, EV 90.6 MPH)
|
|
Batting: RHB Gary Matthews
|
0-0: Ball 1-0: Ball 2-0: Called Strike 2-1: Ball 3-1: Base on Balls
|
|
Batting: LHB Mike Easler
|
0-0: Called Strike 0-1: Ball 1-1: Foul Ball, location: 2F 1-2: Strikes out looking
|
| Top of the 3rd over - 0 runs, 0 hits, 0 errors, 1 left on base; Cincinnati 0 - Montreal 0 |
| BOTTOM OF THE 3RD |
|
Montreal Expos batting - Pitching for Cincinnati Reds : RHP Tony Guzman
|
|
Batting: LHB Ernesto Quevedo
|
0-0: Called Strike 0-1: Foul Ball, location: 2F 0-2: Ball 1-2: Strikes out swinging
|
|
Batting: SHB Biff Pocoroba
|
0-0: Called Strike 0-1: Foul Ball, location: 2F 0-2: Foul Ball, location: 2F 0-2: Foul Ball, location: 2F 0-2: Strikes out swinging
|
|
Batting: LHB Frank Riccelli
|
0-0: Called Strike 0-1: Called Strike 0-2: Ball 1-2: Strikes out swinging
|
| Bottom of the 3rd over - 0 runs, 0 hits, 0 errors, 0 left on base; Cincinnati 0 - Montreal 0 |
| TOP OF THE 4TH |
|
Cincinnati Reds batting - Pitching for Montreal Expos : LHP Frank Riccelli
|
|
Batting: RHB Nick Deurloo
|
0-0: Swinging Strike 0-1: Called Strike 0-2: Foul Ball, location: 2F 0-2: Foul Ball, location: 2F 0-2: Ball 1-2: Strikes out swinging
|
|
Batting: LHB Darrell Evans
|
0-0: Foul Ball, location: 2F 0-1: Fly out, F5 (Line Drive, 5, EV 76.9 MPH)
|
|
Batting: RHB John Malkin
|
0-0: Foul Ball, location: 2F 0-1: Ball 1-1: Called Strike 1-2: Strikes out looking
|
| Top of the 4th over - 0 runs, 0 hits, 0 errors, 0 left on base; Cincinnati 0 - Montreal 0 |
| BOTTOM OF THE 4TH |
|
Montreal Expos batting - Pitching for Cincinnati Reds : RHP Tony Guzman
|
|
Batting: LHB Duane Walker
|
0-0: Called Strike 0-1: Ball 1-1: Swinging Strike 1-2: Strikes out swinging
|
|
Batting: SHB Garry Templeton
|
0-0: Called Strike 0-1: Ball 1-1: Ball 2-1: DOUBLE (Line Drive, 8LD, EV 101.3 MPH)
|
|
Batting: LHB Kirk Gibson
|
0-0: Ball Garry Templeton is caught stealing 3rd base 2-5 1-0: Called Strike 1-1: Called Strike 1-2: Ball 2-2: Ball 3-2: Base on Balls
|
|
Batting: RHB Dale Murphy
|
0-0: Ball 1-0: Fly out, F8 (Flyball, 78D, EV 91.9 MPH)
|
| Bottom of the 4th over - 0 runs, 1 hit, 0 errors, 1 left on base; Cincinnati 0 - Montreal 0 |
| TOP OF THE 5TH |
|
Cincinnati Reds batting - Pitching for Montreal Expos : LHP Frank Riccelli
|
|
Batting: RHB Jesus Alfaro
|
0-0: Foul Ball, location: 2F 0-1: Called Strike 0-2: Ground out 5-3 (Groundball, 56S, EV 81.3 MPH)
|
|
Batting: RHB Tony Guzman
|
0-0: Called Strike 0-1: Ball 1-1: Ball 2-1: Swinging Strike 2-2: Foul Ball, location: 2F 2-2: Ground out U3 (Groundball, 34, EV 90.0 MPH)
|
|
Batting: RHB Jim Anderson
|
0-0: Called Strike 0-1: Swinging Strike 0-2: Foul Ball, location: 2F 0-2: Fly out, F8 (Line Drive, 8LD, EV 86.3 MPH)
|
| Top of the 5th over - 0 runs, 0 hits, 0 errors, 0 left on base; Cincinnati 0 - Montreal 0 |
| BOTTOM OF THE 5TH |
|
Montreal Expos batting - Pitching for Cincinnati Reds : RHP Tony Guzman
|
|
Batting: RHB Dave Winfield
|
0-0: Ball 1-0: Called Strike 1-1: Foul Ball, location: 2F 1-2: Fly out, F8 (Flyball, 78M, EV 93.8 MPH)
|
|
Batting: LHB Timnothy Meyer
|
0-0: Called Strike 0-1: Ball 1-1: Fly out, F8 (Flyball, 8LM, EV 77.5 MPH)
|
|
Batting: LHB Ernesto Quevedo
|
0-0: Called Strike 0-1: Foul Ball, location: 2F 0-2: Ball 1-2: SOLO HOME RUN (Flyball, 7D, EV 91.9 MPH), Distance : 371 ft
|
|
Batting: SHB Biff Pocoroba
|
0-0: Ball 1-0: Ground out 1-3 (Groundball, 34S, EV 63.1 MPH)
|
| Bottom of the 5th over - 1 run, 1 hit, 0 errors, 0 left on base; Cincinnati 0 - Montreal 1 |
| TOP OF THE 6TH |
|
Cincinnati Reds batting - Pitching for Montreal Expos : LHP Frank Riccelli
|
|
Batting: RHB Marco Mosquera
|
0-0: Called Strike 0-1: Ball 1-1: Ball 2-1: DOUBLE (Line Drive, 89D, EV 106.3 MPH)
|
|
Batting: RHB Gary Matthews
|
0-0: Ball 1-0: Ball 2-0: Called Strike 2-1: SINGLE (Line Drive, 9S, EV 95.0 MPH) Marco Mosquera to third
|
|
Batting: LHB Mike Easler
|
0-0: Called Strike 0-1: Swinging Strike 0-2: Strikes out swinging
|
|
Batting: RHB Nick Deurloo
|
0-0: Ball 1-0: Fly out, F4 (Flyball, 4D, EV 97.5 MPH)
|
|
Batting: LHB Darrell Evans
|
0-0: Ball 1-0: Foul Ball, location: 2F 1-1: Swinging Strike 1-2: Strikes out looking
|
| Top of the 6th over - 0 runs, 2 hits, 0 errors, 2 left on base; Cincinnati 0 - Montreal 1 |
| BOTTOM OF THE 6TH |
|
Montreal Expos batting - Pitching for Cincinnati Reds : RHP Tony Guzman
|
|
Pinch Hitting: RHB Luis Sanchez
|
0-0: Ball 1-0: Foul Ball, location: 2F 1-1: Foul Ball, location: 2F 1-2: Ball 2-2: Ball 3-2: Foul Ball, location: 2F 3-2: SINGLE (Groundball, 56S, EV 70.0 MPH) (infield hit)
|
|
Batting: LHB Duane Walker
|
0-0: Ball 1-0: Called Strike Luis Sanchez steals 2nd base 1-1: Intentional Walk
|
|
Batting: SHB Garry Templeton
|
0-0: Ball 1-0: Called Strike 1-1: Ball 2-1: SINGLE (Groundball, 6S, EV 65.0 MPH) (infield hit) Luis Sanchez to third Duane Walker to second
|
|
Batting: LHB Kirk Gibson
|
0-0: Called Strike 0-1: Foul Ball, location: 2F 0-2: Ball 1-2: SINGLE (Flyball, 6D, EV 100.0 MPH) Luis Sanchez scores Duane Walker to third Garry Templeton to second Runner from 3rd tries for Home, SAFE, throw by CF to home Garry Templeton to third Kirk Gibson to second
|
|
Batting: RHB Dale Murphy
|
0-0: Ball 1-0: Called Strike 1-1: DOUBLE (Line Drive, 89D, EV 105.6 MPH) Garry Templeton scores Kirk Gibson scores
|
|
Batting: RHB Dave Winfield
|
0-0: Called Strike 0-1: Ball 1-1: Ball 2-1: Called Strike 2-2: Foul Ball, location: 2F 2-2: Ground out 4-3 (Groundball, 4, EV 87.5 MPH) Dale Murphy to third
|
|
Batting: LHB Timnothy Meyer
|
0-0: Foul Ball, location: 2F 0-1: Ground out 4-3 (Groundball, 4, EV 85.6 MPH) Dale Murphy scores
|
|
Batting: LHB Ernesto Quevedo
|
0-0: Swinging Strike 0-1: Called Strike 0-2: Strikes out swinging
|
| Bottom of the 6th over - 5 runs, 4 hits, 0 errors, 0 left on base; Cincinnati 0 - Montreal 6 |
| TOP OF THE 7TH |
|
Cincinnati Reds batting - Pitching for Montreal Expos : LHP Frank Riccelli
|
|
Pitching: RHP Anthony Dumaw
|
|
|
Batting: RHB John Malkin
|
0-0: Called Strike 0-1: SINGLE (Line Drive, 9S, EV 95.6 MPH)
|
|
Batting: RHB Jesus Alfaro
|
0-0: Ball 1-0: Foul Ball, location: 2F 1-1: Ground out 6-3 (Groundball, 6S, EV 68.8 MPH) John Malkin to second
|
|
Pinch Hitting: LHB Scott Radloff
|
0-0: Called Strike 0-1: Ball 1-1: Ball 2-1: Foul Ball, location: 2F 2-2: Ground out 4-3 (Groundball, 4, EV 105.0 MPH) John Malkin to third
|
|
Batting: RHB Jim Anderson
|
0-0: Ball 1-0: Called Strike 1-1: Ball 2-1: Ball 3-1: 2-RUN HOME RUN (Flyball, 7D, EV 102.5 MPH), Distance : 366 ft
|
|
Batting: RHB Marco Mosquera
|
0-0: Swinging Strike 0-1: Ball 1-1: Ball 2-1: SINGLE (Groundball, 56D, EV 100.6 MPH)
|
|
Batting: RHB Gary Matthews
|
0-0: Fly out, F8 (Flyball, 8RXD, EV 103.1 MPH)
|
| Top of the 7th over - 2 runs, 3 hits, 0 errors, 1 left on base; Cincinnati 2 - Montreal 6 |
| BOTTOM OF THE 7TH |
|
Montreal Expos batting - Pitching for Cincinnati Reds : RHP Tony Guzman
|
|
Pitching: RHP Mike Armstrong
|
|
|
Batting: SHB Biff Pocoroba
|
0-0: Ball 1-0: Ball 2-0: Called Strike 2-1: Fly out, F8 (Flyball, 78M, EV 96.3 MPH)
|
|
Pinch Hitting: LHB Gene Krug
|
0-0: Called Strike 0-1: Ball 1-1: Ball 2-1: Fly out, F8 (Flyball, 8LD, EV 87.5 MPH)
|
|
Batting: LHB Duane Walker
|
0-0: Ball 1-0: Called Strike 1-1: Swinging Strike 1-2: Ground out 5-3 (Groundball, 56, EV 96.9 MPH)
|
| Bottom of the 7th over - 0 runs, 0 hits, 0 errors, 0 left on base; Cincinnati 2 - Montreal 6 |
| TOP OF THE 8TH |
|
Cincinnati Reds batting - Pitching for Montreal Expos : RHP Anthony Dumaw
|
|
Pitching: RHP Rollie Fingers
|
|
|
Batting: LHB Mike Easler
|
0-0: Ball 1-0: Foul Ball, location: 2F 1-1: Ball 2-1: Ball 3-1: Swinging Strike 3-2: Strikes out swinging
|
|
Batting: RHB Nick Deurloo
|
0-0: Ball 1-0: Ball 2-0: Ground out 4-3 (Groundball, 4, EV 75.6 MPH)
|
|
Batting: LHB Darrell Evans
|
0-0: Foul Ball, location: 2F 0-1: Ball 1-1: Ball 2-1: Swinging Strike 2-2: Ball 3-2: Base on Balls
|
|
Batting: RHB John Malkin
|
0-0: Foul Ball, location: 2F 0-1: Ball 1-1: Ball 2-1: Ground out 1-3 (Groundball, 13S, EV 75.0 MPH)
|
| Top of the 8th over - 0 runs, 0 hits, 0 errors, 1 left on base; Cincinnati 2 - Montreal 6 |
| BOTTOM OF THE 8TH |
|
Montreal Expos batting - Pitching for Cincinnati Reds : RHP Mike Armstrong
|
|
Batting: SHB Garry Templeton
|
0-0: Swinging Strike 0-1: Foul Ball, location: 2F 0-2: Foul Ball, location: 2F 0-2: Ball 1-2: Ball 2-2: Fly out, F9 (Flyball, 9LS, EV 89.4 MPH)
|
|
Batting: LHB Kirk Gibson
|
0-0: Ball 1-0: Called Strike 1-1: Called Strike 1-2: Foul Ball, location: 2F 1-2: Foul Ball, location: 2F 1-2: Foul Ball, location: 2F 1-2: Reached on error, E6 (Groundball, 6, EV 83.8 MPH)
|
|
Batting: RHB Dale Murphy
|
0-0: Ball Pickoff Throw to First - Error! E1 Kirk Gibson to second 1-0: Foul Ball, location: 2F 1-1: Called Strike 1-2: Strikes out swinging
|
|
Batting: RHB Dave Winfield
|
0-0: Ball 1-0: Called Strike 1-1: Called Strike 1-2: Ball 2-2: Ball 3-2: Base on Balls
|
|
Batting: LHB Timnothy Meyer
|
0-0: Ball 1-0: Called Strike 1-1: 3-RUN HOME RUN (Flyball, 9D, EV 95.0 MPH), Distance : 386 ft
|
|
Batting: LHB Ernesto Quevedo
|
0-0: Ball 1-0: Foul Ball, location: 2F 1-1: Called Strike 1-2: Ball 2-2: Foul Ball, location: 2F 2-2: Ball 3-2: Base on Balls
|
|
Pitching: RHP Mike Rowland
|
|
|
Batting: SHB Biff Pocoroba
|
0-0: Fielders Choice at 2nd, 6-4 (Groundball, 6MD, EV 85.0 MPH)
|
| Bottom of the 8th over - 3 runs, 1 hit, 2 errors, 1 left on base; Cincinnati 2 - Montreal 9 |
| TOP OF THE 9TH |
|
Cincinnati Reds batting - Pitching for Montreal Expos : RHP Rollie Fingers
|
|
Batting: RHB Jesus Alfaro
|
0-0: Foul Ball, location: 2F 0-1: Ground out 4-3 (Groundball, 34D, EV 76.3 MPH)
|
|
Pinch Hitting: RHB Johnny Bench
|
0-0: Ground out 4-3 (Groundball, 4, EV 104.4 MPH)
|
|
Batting: RHB Jim Anderson
|
0-0: Called Strike 0-1: Ball 1-1: Foul Ball, location: 2F 1-2: Ground out 4-3 (Groundball, 4, EV 84.4 MPH)
|
| Top of the 9th over - 0 runs, 0 hits, 0 errors, 0 left on base; Cincinnati 2 - Montreal 9 |
|